 Dungeon Crawl Stone Soup version 0.26.1-11-gd32895ea62 (webtiles) character file.

Game seed: 3732699758674762149

28 Gabide the Slasher (level 3, 0/26 HPs)
             Began as a Human Wanderer on July 23, 2021.
             Slain by an orc
             ... wielding a +0 flail
              (5 damage)
             ... on level 2 of the Dungeon.
             The game lasted 00:03:34 (1523 turns).

Gabide the Slasher (Human Wanderer)                 Turns: 1523, Time: 00:03:37

Health: 0/26       AC:  2    Str: 12    XL:     3   Next: 27%
Magic:  0/4        EV: 12    Int: 12    God:
Gold:   66         SH:  0    Dex: 13    Spells: 3/4 levels left

rFire    . . .     SeeInvis .   g - +1 hand axe (flame)
rCold    + . .     Faith    .   (no shield)
rNeg     . . .     Spirit   .   d - +0 robe
rPois    .         Reflect  .   (no helmet)
rElec    .         Harm     .   (no cloak)
rCorr    .         Rampage  .   (no gloves)
Will     .....                  (no boots)
Stlth    ++........             (no amulet)
HPRegen  0.08/turn              h - ring of protection from cold
MPRegen  0.09/turn              (no ring)

@: no status effects
A: no striking features
a: no special abilities


You were on level 2 of the Dungeon.
You visited 1 branch of the dungeon, and saw 2 of its levels.

You collected 66 gold pieces.

Inventory:

Hand Weapons
 a - a +0 falchion
 g - a +1 hand axe of flaming (weapon)
Armour
 c - a +0 ring mail
 d - a +0 robe (worn)
Jewellery
 h - a ring of protection from cold (left hand)
Scrolls
 i - a scroll of remove curse
Potions
 b - a potion of lignification
 e - 3 potions of curing
 f - a potion of haste {unknown}


   Skills:
 + Level 1.4 Fighting
 - Level 2.7 Long Blades
 * Level 0.1 Axes
 + Level 2.2 Dodging
 + Level 1.0 Stealth
 + Level 1.1 Spellcasting
 * Level 1.0 Conjurations
 - Level 2.0 Hexes
 - Level 1.0 Evocations


You had 3 spell levels left.
You knew the following spells:

 Your Spells              Type           Power        Failure   Level
a - Magic Dart            Conj           12%          21%         1

Your spell library contained the following spells:

 Spells                   Type           Power        Failure   Level
 Slow                     Hex            5%           21%         2
 Blink                    Tloc           N/A          41%         2
 Call Imp                 Summ           0%           41%         2
 Conjure Flame            Conj/Fire      1%           58%         3
 Mephitic Cloud           Conj/Pois/Air  1%           61%         3


Dungeon Overview and Level Annotations

Branches:
Dungeon (2/15)

Altars:

Annotations:
D:2 Jessica


Message History

The magic dart hits the orc but does no damage.
The orc wizard gestures wildly while chanting.
The orc wizard blinks!
You hit the orc but do no damage. The orc hits you with a +0 flail!
You hit the orc but do no damage. The orc hits you with a +0 flail.
You hit the orc but do no damage. The orc closely misses you.
The orc barely misses you.
You closely miss the orc. The orc hits you with a +0 flail!
* * * LOW HITPOINT WARNING * * *
Okay, then.
Casting: Magic Dart (safe; 21% risk of failure)
Confirm with . or Enter, or press ? or * to list all spells.
Aiming: Magic Dart (safe; 21% risk of failure)
Press: ? - help, Shift-Dir - straight line, f/p - orc
Aim: an orc, wielding a +0 flail and wearing a +0 chain mail (0% to evade)
The magic dart hits the orc.
The orc is moderately wounded.
Jessica gestures wildly while chanting.
Jessica blinks!
The orc hits you with a +0 flail.
You die...

#### #...##
.....##
##########.......
#.....@oo.§o...#
#.#########...##
.#... # #


You could see an orc wizard and 2 orcs.

Vanquished Creatures
  A dart slug (D:1)
  A leopard gecko (D:1)
  2 orcs (D:2)
  3 bats (D:1)
  A giant cockroach (D:1)
  2 goblins (D:1)
  4 hobgoblins (D:1)
  2 frilled lizards (D:1)
  2 kobolds (D:1)
  3 rats
21 creatures vanquished.

Notes
Turn   | Place    | Note
-------+----------+-------------------------------------------
     0 | D:1      | Gabide the Human Wanderer began the quest for the Orb.
     0 | D:1      | Gabide set off with the following items: a +0 falchion, a
                  | potion of lignification, a +0 robe; and the following spell
                  | memorised: Magic Dart; and the following spells available
                  | to memorise: Slow, Blink, Call Imp, Conjure Flame, Mephitic
                  | Cloud
     0 | D:1      | Reached XP level 1. HP: 15/15 MP: 2/2
   448 | D:1      | Reached XP level 2. HP: 18/21 MP: 0/3
  1012 | D:1      | Reached XP level 3. HP: 26/26 MP: 0/4
  1504 | D:2      | Reached skill level 1 in Conjurations
  1511 | D:2      | Noticed Jessica
  1523 | D:2      | Slain by an orc

Illustrated notes

Levels and vault maps discovered:
D:1:      dpeg_arrival_windows_large_door, layout_basic,
          hangedman_decor_opposing
D:2:      layout_loops_ring, uniq_jessica

Skill      XL: |  1  2  3 |
---------------+----------+-----
Conjurations   | 1 |  1.0
Fighting       | |  1.4
Long Blades    | |  2.7
Axes           | |  0.1
Dodging        | |  2.2
Stealth        | |  1.0
Spellcasting   | |  1.1
Hexes          | |  2.0
Evocations     | |  1.0

Action                   || total
-------------------------++-------
Melee: Falchion          ||    39
       Hand axe          ||    12
 Cast: Magic Dart        ||    28
  Use: Scroll            ||     5
Armor: Robe              ||    12
Dodge: Dodged            ||    31
       Rpst.: Falchion   ||     7
